 Dungeon Crawl Stone Soup version 0.31-a0-609-g7bf6ffcfed (webtiles) character file.

Game seed: 10310844435137399719

1106 Dittersdorf the Shield-Bearer (level 8, -4/51 HPs)
             Began as a Gargoyle Fighter on Aug 21, 2023.
             Was a Believer of Okawaru.
             Slain by a wight
             ... wielding a +3 battleaxe
              (7 damage)
             ... on level 6 of the Dungeon.
             The game lasted 00:06:10 (4674 turns).

Dittersdorf the Shield-Bearer (Gargoyle Fighter)    Turns: 4674, Time: 00:06:11

Health: -4/51      AC: 14    Str: 28    XL:     8   Next: 33%
Magic:  8/8        EV: 10    Int:  9    God:    Okawaru [**....]
Gold:   210        SH: 10    Dex:  9    Spells: 5/7 levels left

rFire   . . .        l - +0 flail (drain)
rCold   . . .        c - +0 buckler
rNeg    + + +        b - +0 scale mail
rPois   ∞            (no helmet)
rElec   +            (no cloak)
rCorr   +            e - +0 pair of gloves
SInv    .            (no boots)
Will    .....        g - amulet "Faink" {Reflect rN++ SH+5} Stlth
                     m - +6 ring of strength
HPRegen 0.28/turn    q - ring of resist corrosion
MPRegen 0.11/turn

%: reflection
@: no status effects
A: sickness immunity, AC +5, negative energy resistance 1, electricity
resistance, torment resistance 1, petrification resistance
a: Renounce Religion, Heroism


You were on level 6 of the Dungeon.
You worshipped Okawaru.
Okawaru was pleased with you.
You visited 1 branch of the dungeon, and saw 6 of its levels.

You collected 210 gold pieces.

Inventory:

Hand Weapons
 l - a +0 flail of draining (weapon)
Armour
 b - a +0 scale mail (worn)
 c - a +0 buckler (worn)
 e - a +0 pair of gloves (worn)
Jewellery
 g - the amulet "Faink" (around neck) {Reflect rN++ SH+5}
   (You acquired it on level 5 of the Dungeon)

   [amulet of reflection]

   Reflect:   It reflects blocked missile attacks.
   rN++:      It greatly protects you from negative energy.
   SH+5:      It affects your SH (+5).
 m - a +6 ring of strength (left hand)
 q - a ring of resist corrosion (right hand)
 t - a ring of willpower
Wands
 s - a wand of flame (21)
Scrolls
 f - a scroll of vulnerability
 i - a scroll of fog
 k - a scroll of immolation
 o - 3 scrolls of teleportation
 w - a scroll of fear
Potions
 d - 2 potions of might
 h - a potion of enlightenment
 j - 2 potions of brilliance
 n - 2 potions of heal wounds
 r - a potion of haste


   Skills:
 + Level 6.1 Fighting
 + Level 5.1 Maces & Flails
 + Level 6.1 Armour
 + Level 6.1 Shields


You had 5 spell levels left.
You knew the following spells:

 Your Spells              Type           Power      Damage    Failure   Level
a - Passwall              Tmut/Erth      0%         N/A       82%         2

Your spell library contained the following spells:

 Spells                   Type           Power      Damage    Failure   Level
 Sting                    Tmut/Pois      0%         1d3       67%         1
 Ensorcelled Hibernation  Hex/Ice        0%         N/A       82%         2
 Poisonous Vapours        Pois/Air       0%         N/A       82%         2
 Swiftness                Air            0%         N/A       96%         3
 Olgreb's Toxic Radiance  Pois           0%         N/A       100%        4


Dungeon Overview and Level Annotations

Branches:
Dungeon (6/15)
 Temple: D:4-7

Altars:
Okawaru

Shops:
D:1 !

Annotations:
D:5 2 transporters, sigtrap's ghost, amateur DjHW


Innate Abilities, Weirdness & Mutations

You are immune to sickness and miasma.
Your stone body is resilient. (AC +5)
You are immune to poison.
You resist negative energy. (rN+)
You are resistant to electric shocks. (rElec)
You are resistant to unholy torment.
You are immune to petrification.


Message History

l - a +0 flail of draining (weapon)
You drop a +0 flail. 2 wights come into view.
Things that are here:
a +0 spear; a +0 robe
Items here: )) [[.
You hit the wight but do no damage. You block the wight's attack.
The wight hits you from afar with a +3 halberd!
The wight barely misses you. The wight misses you.
You hit the wight but do no damage. The wight hits you with a +3 battleaxe!
The wight hits you from afar with a +3 halberd!
You are too injured to fight recklessly!
You are too injured to fight recklessly!
You are too injured to fight recklessly!
You are too injured to fight recklessly!
You are too injured to fight recklessly!
You are too injured to fight recklessly!
You are too injured to fight recklessly!
You are too injured to fight recklessly!
You are too injured to fight recklessly!
You are too injured to fight recklessly!
You are too injured to fight recklessly!
You are too injured to fight recklessly!
You are too injured to fight recklessly!
You are too injured to fight recklessly!
You are too injured to fight recklessly!
You are too injured to fight recklessly!
You are too injured to fight recklessly!
You are too injured to fight recklessly!
You are too injured to fight recklessly!
The wight attacks as it pursues you! The wight hits you with a +3 battleaxe!
* * * LOW HITPOINT WARNING * * *
The wight attacks as it pursues you! The wight hits you but does no damage.
The wight attacks as it pursues you! The wight hits you but does no damage.
The wight attacks as it pursues you! You block the wight's attack.
The wight attacks as it pursues you!
The wight hits you from afar with a +3 halberd!
* * * LOW HITPOINT WARNING * * *
The wight attacks as it pursues you! The wight hits you with a +3 battleaxe!
You die...

###)#######.# ### #.# #.# #.#
#.## #.#######.########...
#...................#
#.########z###### #.# #.# #.#
#.# #.########.# #.#
###.........z# #.#
#......####.@########.###
#.#.#..## #.....†<).....#
#.#.....# #..########.#.#
#.###...# #..# #.#.#####
#.......###..# #S#......
###.......#..# #.#.#####
#..........#### #o#.#
............!....# #.#.#####
######.....#.###.#####........


You could see 2 wights.

Vanquished Creatures
  Grinder (D:4)
  An ice beast (D:5)
  A centaur (D:6)
  2 phantoms
  3 wights (D:6)
  A howler monkey (D:5)
  2 hounds
  A jelly (D:5)
  Terence (D:3)
  3 iguanas
  An orc wizard (D:5)
  9 adders
  A white imp (D:5)
  An ufetubus (D:5)
  4 dart slugs
  11 orcs
  5 bats
  4 endoplasms
  4 giant cockroaches
  3 goblins
  9 hobgoblins
  3 quokkas
  8 ball pythons
  2 frilled lizards
  2 kobolds
  6 rats
89 creatures vanquished.

Notes
Turn   | Place    | Note
-------+----------+-------------------------------------------
     0 | D:1      | Dittersdorf the Gargoyle Fighter began the quest for the
                  | Orb.
     0 | D:1      | Reached XP level 1. HP: 14/14 MP: 1/1
   112 | D:1      | Reached XP level 2. HP: 19/19 MP: 2/2
   380 | D:1      | Found Vogefit's Distillery.
   646 | D:1      | Found a faded altar of an unknown god.
   919 | D:2      | Reached XP level 3. HP: 18/24 MP: 3/3
  1525 | D:3      | Reached XP level 4. HP: 26/29 MP: 4/4
  1721 | D:3      | Noticed Terence
  1763 | D:3      | Killed Terence
  2165 | D:3      | Reached XP level 5. HP: 32/33 MP: 5/5
  2295 | D:3      | Found an iron altar of Okawaru.
  2300 | D:3      | Became a worshipper of Warmaster Okawaru
  2711 | D:4      | Noticed a phantom
  2712 | D:4      | Noticed Grinder
  2740 | D:4      | Killed a phantom
  2750 | D:4      | Paralysed by Grinder for 4 turns
  2771 | D:4      | Paralysed by Grinder for 3 turns
  2785 | D:4      | Killed Grinder
  2785 | D:4      | Reached * piety under Okawaru
  2785 | D:4      | Reached ** piety under Okawaru
  2786 | D:4      | Reached skill level 5 in Fighting
  2786 | D:4      | Reached skill level 5 in Armour
  2786 | D:4      | Reached XP level 6. HP: 10/40 MP: 6/6
  2918 | D:4      | Identified the +7 trident of Moaqabij {elec, Int+3 SInv}
  2943 | D:4      | Reached skill level 5 in Shields
  2943 | D:4      | Reached XP level 7. HP: 43/44 MP: 7/7
  3348 | D:5      | Entered Level 5 of the Dungeon
  3438 | D:5      | Identified a scroll of acquirement
  3438 | D:5      | Acquired the amulet "Faink" {Reflect rN++ SH+5}
  3665 | D:5      | Found a transporter.
  3682 | D:5      | Noticed sigtrap's ghost (amateur DjHW)
  3930 | D:5      | Found a transporter.
  4023 | D:5      | Learned a level 2 spell: Passwall
  4322 | D:6      | Reached XP level 8. HP: 51/51 MP: 8/8
  4577 | D:6      | Reached skill level 5 in Maces & Flails
  4670 | D:6      | HP: 2/51 [wight/+3 halberd (9)]
  4674 | D:6      | Slain by a wight

Illustrated notes

Levels and vault maps discovered:
D:1:      erik_arrival_blinker_ship, layout_basic,
          ebering_ecumenical_altar_hall, serial_shops, shop
D:2:      layout_loops_ring
D:3:      layout_basic, hellmonk_okawaru_the_only_friend_you_need,
          minmay_misc_feat_enclosed, uniq_terence
D:4:      layout_basic, nicolae_hexahallways, uniq_grinder
D:5:      layout_basic, gammafunk_ghost_mausoleum, minmay_door_square,
          corexii_item_surrounded_by_moat, nicolae_twisty_statue_hallways
D:6:      layout_loops_ring, serial_shops, nicolae_lakefront_shop, minivault_25,
          grunt_ministairs_11, minmay_misc_feat_four_crosses, abandoned_shop,
          st_stairs_5

Skill      XL: |  1  2  3  4  5  6  7  8 |
---------------+-------------------------+-----
Fighting       | 4 5 6 |  6.1
Armour         | 4 5 6 |  6.1
Shields        | 4 5 6 |  6.1
Maces & Flails | 3 4 5 |  5.1

Action                     |  1- 3 |  4- 6 |  7- 9 || total
---------------------------+-------+-------+-------++-------
  Melee: Flail             |    90 |   176 |   164 ||   430
    Use: Scroll            |       |    14 |     3 ||    17
         Potion            |       |     2 |       ||     2
 Armour: Scale mail        |    50 |   106 |    87 ||   243
  Dodge: Dodged            |    51 |    89 |    63 ||   203
  Block: Buckler           |    16 |    52 |   104 ||   172
         Reflection        |       |       |     1 ||     1

Table legend: (Time is in decaauts)
 A = Elapsed time spent in this place.
 B = Non-inter-level travel time spent in this place.
 C = Inter-level travel time spent in this place.
 D = Time resting spent in this place.
 E = Time spent auto-exploring this place.
 F = Levels seen in this place.
 G = Mean time per level.
                   A        B        C        D        E       F      G
               +--------+--------+--------+--------+--------+-----+--------+
         Total |   4783 |   4597 |    186 |    668 |   2927 |   6 |  797.2 |
       Dungeon |   4783 |   4597 |    186 |    668 |   2927 |   6 |  797.2 |
               +--------+--------+--------+--------+--------+-----+--------+

Top non-repeatable levels by time:
     D:3: 1053 daAuts
     D:5: 1051 daAuts
     D:4: 860 daAuts
     D:1: 765 daAuts
     D:2: 748 daAuts
     D:6: 305 daAuts
